 Dungeon Crawl Stone Soup version 0.23.2-40-g277498a (webtiles) character file.

Game seed: 12470531481426878763

461 Fang the Skirmisher (level 7, -4/66 HPs)
             Began as a Gargoyle Berserker on Sept 10, 2019.
             Was a Believer of Trog.
             Slain by an ogre
             ... wielding a +0 giant spiked club
              (19 damage)
             ... on level 4 of the Dungeon.
             The game lasted 00:03:00 (2730 turns).

Fang the Skirmisher (Gargoyle Berserker)            Turns: 2730, Time: 00:03:01

Health: -4/66      AC: 14    Str: 27    XL:     7   Next: 7%
Magic:  7/7        EV:  9    Int:  8    God:    Trog [**....]
Gold:   227        SH:  0    Dex:  9    Spells: 6/6 levels left

rFire    . . .     SeeInvis .   a - +0 hand axe
rCold    . . .     Gourm    .   (no shield)
rNeg     + . .     Faith    .   b - +0 chain mail
rPois    ∞         Spirit   .   (no helmet)
rElec    +         Reflect  .   (no cloak)
rCorr    .         Harm     .   (no gloves)
MR       .....                  (no boots)
Stlth    ..........             (no amulet)
HPRegen  0.21/turn              g - ring of attention (curse)
MPRegen  0.10/turn              (no ring)

@: berserking, very quick
A: negative energy resistance 1, electricity resistance, unbreathing,
petrification resistance, rot immunity, AC +4
a: Berserk, Trog's Hand, Renounce Religion


You were on level 4 of the Dungeon.
You worshipped Trog.
Trog was pleased with you.
You were not hungry.

You visited 1 branch of the dungeon, and saw 4 of its levels.

You collected 227 gold pieces.

Inventory:

Hand Weapons
 a - a +0 hand axe (weapon)
Armour
 b - a +0 chain mail (worn)
Jewellery
 g - a cursed ring of attention (left hand)
 l - a +2 amulet of reflection {unknown}
 p - an uncursed amulet of the gourmand {unknown}
Wands
 m - a wand of polymorph (6)
 n - a wand of random effects (19)
Scrolls
 d - 2 scrolls of teleportation {unknown}
 e - 3 scrolls of remove curse {unknown}
 f - a scroll of random uselessness {unknown}
 h - a scroll of enchant armour {unknown}
 i - 2 scrolls of magic mapping {unknown}
 o - a scroll of identify {unknown}
 r - a scroll of immolation {unknown}
Potions
 j - a potion of mutation {unknown}
 k - 2 potions of lignification {unknown}
 q - a potion of magic {unknown}
Comestibles
 c - 6 rations


   Skills:
 + Level 5.1 Fighting
 + Level 4.2 Axes
 + Level 4.4 Armour
 + Level 3.2 Dodging


You had 6 spell levels left.
You didn't know any spells.
Your spell library was empty.

Dungeon Overview and Level Annotations

Branches:
Dungeon (4/15)
 Temple: D:4-7

Altars:


Innate Abilities, Weirdness & Mutations

You are resistant to torment.
Your stone body is resilient. (AC +4)
You are immune to poison.
You resist negative energy. (rN+)
You are resistant to electric shocks. (rElec)
You can survive without breathing.
You are immune to petrification.
You are immune to rotting.


Message History

You kill the leopard gecko!
Trog accepts your kill.
You closely miss the ogre. The ogre barely misses you.
You closely miss the ogre. The ogre barely misses you.
You hit the ogre.
The ogre is moderately wounded.
You slash the ogre!
The ogre is heavily wounded.
The ogre hits you with a +0 giant spiked club!!
* * * LOW HITPOINT WARNING * * *
You are too injured to fight recklessly!
You are too injured to fight recklessly!
You are too injured to fight recklessly!
You eat one of the 7 rations.
That ration really hit the spot!
The ogre hits you with a +0 giant spiked club.
* * * LOW HITPOINT WARNING * * *
A red film seems to cover your vision as you go berserk!
You feel yourself moving faster!
You feel mighty!
You feel a lot more hungry.
The ogre hits you with a +0 giant spiked club!!
You die...

##..... ### #.(.... ..#
#.... #####.# #...
#.....#
#.#####.######.###.#####
.................#......
.#####.######.#.#..####
##.######.....[....
#.@..(......#......
#O†########.##.#### #..#
#.##.# #..# #.##.# #..#
#.##.# #..# #.##.# ....
#.# .# #..# #.# .#.


You could see an ogre.

Vanquished Creatures
  Grinder (D:4)
  An orc priest (D:3)
  An orc wizard (D:3)
  Ijyb (D:3)
  6 adders
  A gnoll (D:1)
  An ooze (D:3)
  An adder skeleton (D:4)
  A worm (D:3)
  5 dart slugs
  4 leopard geckos
  2 orcs (D:3)
  A giant cockroach (D:1)
  7 goblins
  7 hobgoblins
  14 jackals
  A ball python (D:1)
  8 bats
  4 frilled lizards
  4 kobolds
  8 rats
79 creatures vanquished.

Notes
Turn   | Place    | Note
-------+----------+-------------------------------------------
     0 | D:1      | Fang the Gargoyle Berserker began the quest for the Orb.
     0 | D:1      | Reached XP level 1. HP: 14/14 MP: 1/1
   230 | D:1      | Reached XP level 2. HP: 19/19 MP: 2/2
   487 | D:1      | Reached XP level 3. HP: 23/23 MP: 3/3
  1144 | D:2      | Reached ** piety under Trog
  1354 | D:2      | Reached XP level 4. HP: 29/29 MP: 4/4
  1448 | D:2      | Reached skill level 4 in Fighting
  1798 | D:3      | Noticed Ijyb
  1815 | D:3      | Killed Ijyb
  1877 | D:3      | Reached XP level 5. HP: 33/33 MP: 5/5
  2085 | D:3      | Reached XP level 6. HP: 19/39 MP: 6/6
  2572 | D:4      | Noticed Grinder
  2648 | D:4      | Paralysed by Grinder for 4 turns
  2653 | D:4      | Killed Grinder
  2653 | D:4      | Reached skill level 5 in Fighting
  2653 | D:4      | Reached XP level 7. HP: 31/44 MP: 7/7
  2730 | D:4      | Slain by an ogre

Skill      XL: |  1  2  3  4  5  6 |
---------------+-------------------+-----
Axes           | 3 4 |  4.2
Dodging        | 2 3 |  3.2
Armour         | 3 4 |  4.4
Fighting       | 4 5 |  5.1

Action                   |  1- 3 |  4- 6 |  7- 9 || total
-------------------------+-------+-------+-------++-------
Melee: Hand axe          |   105 |   180 |    13 ||   298
Invok: Berserk           |     2 |     2 |     1 ||     5
       Trog's Hand       |       |     2 |       ||     2
  Eat: Chunk             |     3 |     6 |       ||     9
       Ration            |       |       |     1 ||     1
Armor: Animal skin       |    11 |       |       ||    11
       Chain mail        |    45 |   167 |     2 ||   214
Dodge: Dodged            |    81 |   101 |    12 ||   194
